 Dungeon Crawl Stone Soup version 0.17-a0-1738-g82cdc46 (webtiles) character file.

4491 kae the Martial Artist (level 10, 0/71 HPs)
             Began as a White Draconian Transmuter on Aug 30, 2015.
             Was a Follower of Qazlal.
             Killed by nerve-wracking pain
             ... invoked by a shadow imp
              (13 damage)
             ... on level 9 of the Dungeon.
             The game lasted 00:14:14 (9522 turns).

kae the Martial Artist (White Draconian Transmuter) Turns: 9522, Time: 00:14:15

Health: 0/71       AC: 10    Str: 13    XL:     10   Next: 16%
Magic:  10/13      EV: 12    Int: 13    God:    Qazlal [*.....]
Gold:   501        SH:  1    Dex: 15    Spells: 3 memorised, 7 levels left

rFire  . . .     SeeInvis .       - Unarmed
rCold  + . .     Clarity  +     (armour unavailable)
rNeg   . . .     SustAt   .     (no shield)
rPois  +         Gourm    .     (helmet restricted)
rElec  .         Spirit   .     w - +0 cloak
rCorr  .         Warding  .     (no gloves)
rMut   .         Stasis   .     q - +1 pair of boots
MR     .....                    C - amulet of clarity
Stlth  +.........               n - ring of poison resistance
                                o - ring of wizardry

@: appendage, not resistant to hostile enchantments, very unstealthy
A: breathe frost, unfitting armour, horns 2, cold resistance 1, cold-blooded, AC
+7
a: Breathe Frost, End Transformation, Renounce Religion


You were on level 9 of the Dungeon.
You worshipped Qazlal.
Qazlal was aware of your devotion.
You were hungry.
You had grown temporary horns.
You visited 2 branches of the dungeon, and saw 10 of its levels.

You collected 501 gold pieces.

Inventory:

Missiles
 a - 193 arrows
 A - a throwing net (quivered)
Armour
 q - a +1 pair of boots (worn)
 w - a +0 cloak (worn)
Jewellery
 k - an uncursed ring of ice
 n - a ring of poison resistance (right hand)
 o - a ring of wizardry (left hand)
 r - an uncursed amulet of stasis
 C - an amulet of clarity (around neck)
 F - an uncursed ring of teleportation
Magical devices
 j - a wand of teleportation (5)
 l - a wand of digging (2)
 s - a wand of confusion (31)
 u - a wand of enslavement (21)
 v - a wand of draining (5)
 x - a wand of confusion (18)
 y - a wand of frost (16)
 D - a wand of teleportation (4)
 E - a wand of frost (35)
 I - a wand of confusion (20)
 J - a wand of digging (11)
 L - a wand of flame (29)
 M - a wand of magic darts (29)
Scrolls
 e - 8 scrolls of identify
 g - 3 scrolls of teleportation
 h - 3 scrolls of remove curse
 i - 2 scrolls of amnesia
Potions
 d - a potion of heal wounds
 f - 3 potions of magic
 p - 4 potions of invisibility
 t - 2 potions of brilliance
 z - a potion of flight
 G - a potion of curing
 K - a potion of agility
Books
 b - a book of Changes

   Spells                             Type                      Level
   a - Beastly Appendage              Transmutation                1
   b - Sticks to Snakes               Transmutation                2
   c - Spider Form                    Transmutation/Poison         3
   d - Ice Form                       Ice/Transmutation            4
   e - Blade Hands                    Transmutation                5
Comestibles
 c - 9 bread rations
 m - 2 meat rations
 B - 6 beef jerkies
 H - a slice of pizza
 N - 2 chunks of flesh


   Skills:
 - Level 1.1 Fighting
 - Level 1.7 Dodging
 - Level 13.3 Unarmed Combat
 - Level 2.0 Spellcasting
 + Level 6.4 Transmutations


You had 7 spell levels left.
You knew the following spells:

 Your Spells              Type           Power        Failure   Level  Hunger
a - Beastly Appendage     Trmt           ###...       1%          1    ##.....
b - Sticks to Snakes      Trmt           ###.......   1%          2    ###....
c - Spider Form           Trmt/Pois      #.........   9%          3    ####...


Dungeon Overview and Level Annotations

Branches:
Dungeon (9/15)             Temple (1/1) D:5            Lair (0/8) D:8
    Orc: D:9-12

Altars:
Ashenzari
Cheibriados
Dithmenos
Elyvilon
Fedhas
Gozag
Kikubaaqudgha
Makhleb
Nemelex Xobeh
Okawaru
Qazlal
Ru
Sif Muna
Trog
Vehumet
Xom
Yredelemnul
Zin
The Shining One

Annotations:
D:3 kae's ghost, weakling DsMo
D:4 exclusion: door
D:8 exclusions: 2 electric eels and 1 more exclusion
D:9 Maurice


Innate Abilities, Weirdness & Mutations

You can breathe waves of freezing cold.
You can buffet flying creatures when you breathe cold.
Your icy white scales are hard (AC +7).
Your body does not fit into most forms of armour.
Your flesh is cold resistant.
You are cold-blooded and may be slowed by cold attacks.
You have a pair of horns on your head.


Message History

You start resting.
A shadow imp is nearby!
The shadow imp shouts, "Relinquish hope, thou canting guts-griping apple-john!"
You are too injured to fight recklessly!
You are too injured to fight recklessly!
Casting: Spider Form
Confirm with . or Enter, or press ? or * to list all spells.
You grow a pair of large bovine horns.
The shadow imp hits you.
* * * LOW HITPOINT WARNING * * *
The shadow imp hits you.
* * * LOW HITPOINT WARNING * * *
You are too injured to fight recklessly!
You are too injured to fight recklessly!
You closely miss the shadow imp. Your headbutt misses the shadow imp.
You tail-slap the shadow imp, but do no damage.
You punch the shadow imp.
The shadow imp is lightly wounded.
The shadow imp gestures at you. Pain shoots through your body!
You die...

..... ######...########
#....#..>#.......
#....#...#.......
#....#..5#....... .# .#
#....#...#.......
.######'#.##....##.ยง')......
..........#......#..#.......
..........#.....@#..#.......
..........#+##...5..#.......
.............#####..########
............................
............................
.........#########..........
.........# #..........
.........# #..........
####.....# #..........


You could see a shadow imp.

Vanquished Creatures
  Erica (D:9)
  Pikel (D:7)
  A fire drake (D:8)
  An ice beast (D:7)
  A hippogriff (D:6)
  Menkaure (D:4)
  An orc warrior (D:8)
  3 slaves (D:7)
  3 black bears
  2 sky beasts (D:5)
  An eye of draining (D:8)
  5 ogres
  4 centaurs
  4 giant frogs
  2 scorpions
  A giant frog zombie (D:5)
  3 crimson imps
  2 quasits
  Crazy Yiuf (D:7)
  2 centaur skeletons (D:5)
  2 giant frog skeletons
  An orc priest (D:8)
  7 hounds
  3 orc wizards
  8 worker ants
  A hound skeleton (D:7)
  4 adders
  4 gnolls
  2 shadow imps
  An ooze (D:1)
  2 worms
  8 giant geckos
  26 orcs
  5 giant cockroaches
  8 goblins
  8 hobgoblins
  11 jackals
  8 kobolds
  3 ball pythons
  4 bats
  2 giant gecko skeletons (D:4)
  A giant gecko zombie (D:5)
  5 giant newts
  2 quokkas
  9 rats
175 creatures vanquished.

Vanquished Creatures (others)
  A slave (D:7)
1 creature vanquished.

Grand Total: 176 creatures vanquished

Notes
Turn   | Place    | Note
--------------------------------------------------------------
     0 | D:1      | kae the Draconian Transmuter began the quest for the Orb.
     0 | D:1      | Reached XP level 1. HP: 16/16 MP: 3/3
   144 | D:1      | Reached XP level 2. HP: 12/23 MP: 5/5
   571 | D:1      | Reached skill level 4 in Unarmed Combat
   889 | D:1      | Reached XP level 3. HP: 28/28 MP: 6/6
  1709 | D:2      | Reached XP level 4. HP: 33/35 MP: 5/7
  1866 | D:3      | Reached skill level 5 in Unarmed Combat
  1981 | D:3      | Noticed kae's ghost (weakling DsMo)
  2585 | D:3      | Reached XP level 5. HP: 30/40 MP: 8/8
  2626 | D:4      | Found a deep blue altar of Sif Muna.
  2684 | D:4      | Noticed Menkaure
  2695 | D:4      | Killed Menkaure
  2695 | D:4      | Reached skill level 6 in Unarmed Combat
  3030 | D:4      | Reached XP level 6. HP: 14/47 MP: 9/9
  3240 | D:4      | Reached skill level 7 in Unarmed Combat
  4096 | D:4      | Noticed an ogre
  4207 | D:4      | Found a deep blue altar of Sif Muna.
  4221 | D:4      | Reached skill level 8 in Unarmed Combat
  4221 | D:4      | Your scales start taking on an icy white colour.
  4221 | D:4      | Gained mutation: Your flesh is cold resistant. [White Draconian growth]
  4221 | D:4      | Reached XP level 7. HP: 27/52 MP: 8/10
  4288 | D:5      | Entered Level 5 of the Dungeon
  4695 | D:5      | Learned a level 2 spell: Sticks to Snakes
  4699 | D:5      | Learned a level 3 spell: Spider Form
  5189 | D:5      | Reached skill level 9 in Unarmed Combat
  5532 | D:5      | Found a staircase to the Ecumenical Temple.
  5563 | Temple   | Entered the Ecumenical Temple
  5714 | Temple   | Became a worshipper of Qazlal Stormbringer
  5761 | D:5      | Reached XP level 8. HP: 47/59 MP: 11/11
  5809 | D:5      | Reached skill level 10 in Unarmed Combat
  6624 | D:6      | Reached skill level 11 in Unarmed Combat
  7113 | D:7      | Noticed Pikel
  7129 | D:7      | Killed Pikel
  7129 | D:7      | Reached skill level 12 in Unarmed Combat
  7129 | D:7      | Reached XP level 9. HP: 40/64 MP: 9/12
  7840 | D:7      | Noticed Crazy Yiuf
  7858 | D:7      | Killed Crazy Yiuf
  8261 | D:8      | Found a staircase to the Lair.
  8272 | D:8      | Noticed a fire drake
  8301 | D:8      | Killed a fire drake
  8431 | D:8      | Reached skill level 13 in Unarmed Combat
  8444 | D:8      | Acquired Qazlal's first power
  9087 | D:9      | Noticed Maurice
  9436 | D:9      | Reached skill level 5 in Transmutations
  9497 | D:9      | Noticed Erica
  9510 | D:9      | Killed Erica
  9510 | D:9      | Reached XP level 10. HP: 24/71 MP: 10/13
  9522 | D:9      | Killed from afar by a shadow imp

Vault maps used:
D:1:      lightli_arrival_boilingwater, grunt_decor_cap, minmay_ruptured
D:4:      led_sif_book, kennysheep_diamond, uniq_menkaure
D:5:      wad_river_or_something, first_bread, enter_ossuary_1
D:7:      grunt_ogre_cave, uniq_crazy_yiuf_cottage, uniq_pikel
D:8:      minmay_lair_entry_lava, disabler_island
D:9:      uniq_maurice, uniq_erica
Temple:   kilobyte_greek_temple_18

Action                   |  1- 3 |  4- 6 |  7- 9 | 10-12 || total
-------------------------+-------+-------+-------+-------++-------
Melee: Unarmed           |   156 |   179 |   410 |     1 ||   746
 Cast: Beastly Appendage |     5 |    18 |    36 |     1 ||    60
       Spider Form       |       |       |     4 |       ||     4
 Abil: Breathe Frost     |       |       |     2 |       ||     2
  Use: Scroll            |       |     6 |    11 |       ||    17
       Potion            |       |     3 |     1 |       ||     4
 Stab: Sleeping          |       |     1 |     1 |       ||     2
       Distracted        |       |       |     1 |       ||     1
  Eat: Chunk             |     3 |     8 |    18 |       ||    29
